 Dungeon Crawl Stone Soup version 0.31.0-9-g3a7656b989 (webtiles) character file.

Game seed: 3609982338431066343

218 Kenran the Ruffian (level 5, 0/48 HPs)
             Began as an Oni Shapeshifter on Feb 3, 2024.
             Slain by a river rat (8 damage)
             ... summoned by Eustachio
             ... on level 3 of the Dungeon.
             The game lasted 00:04:04 (2682 turns).

Kenran the Ruffian (Oni Shapeshifter)               Turns: 2682, Time: 00:04:05

Health: 0/48       AC:  3    Str: 20    XL:     5   Next: 95%
Magic:  5/5        EV:  9    Int: 11    God:
Gold:   147        SH:  0    Dex:  8    Spells: 4/4 levels left

rFire   . .          .
                       - Unarmed
rCold   . . .        (no shield)
rNeg    . . .        a - +0 animal skin
rPois   .            (helmet currently unavailable)
rElec   .            (cloak currently unavailable)
rCorr   .            (gloves unavailable)
SInv    .            (boots unavailable)
Will    .....        (no amulet)
Stlth   +            (no ring)
HPRegen 0.28/turn    (no ring)
MPRegen 0.09/turn

%: no passive effects
@: beast-form, attractive, hasted, very quick
A: beast (slay +1), large, unfitting armour, horns 1, tough skin 1, double
potion healing, drunken brawling
a: Begin Untransformation


You were on level 3 of the Dungeon.
You were a hulking beast.
You visited 1 branch of the dungeon, and saw 4 of its levels.

You collected 175 gold pieces.
You spent 28 gold pieces at shops.

Inventory:

Armour
 a - a +0 animal skin (worn)
 i - a +0 cloak
Jewellery
 h - a ring of wizardry
Talismans
 c - a beast talisman
 d - a flux talisman
Scrolls
 e - 2 scrolls of revelation
 f - 2 scrolls of blinking
 m - a scroll of enchant armour
 n - a scroll of teleportation
Potions
 b - a potion of attraction {!q}
 g - a potion of haste
 j - a potion of brilliance {unknown}
 k - 2 potions of curing {unknown}
 l - a potion of cancellation {unknown}


   Skills:
 - Level 1.3 Fighting
 - Level 1.7 Dodging
 + Level 5.7 Unarmed Combat
 + Level 3.1 Shapeshifting


You had 4 spell levels left.
You didn't know any spells.
Your spell library contained the following spells:

 Spells                   Type           Power      Damage    Failure   Level
 Fugue of the Fallen      Necr           0%         N/A       71%         3
 Ozocubu's Armour         Ice            0%         N/A       71%         3
 Manifold Assault         Tloc           0%         N/A       98%         4


Dungeon Overview and Level Annotations

Branches:
Dungeon (4/15)
 Temple: D:4-7

Altars:

Shops:
D:3 *

Annotations:
D:3 2 transporters, 1 runed translucent door, Crazy Yiuf; Eustachio; mojasp's ghost, amateur DEHu


Innate Abilities, Weirdness & Mutations

You are a hulking beast.
Your limbs bulge with bestial killing power. (Slay +1)
You are too large for most types of armour.
You have a pair of small horns on your head.
You have tough skin. (AC +1)
You gain doubled healing and magic from potions.
Whenever you drink a healing potion, you attack all around you.


Message History

There is a stone staircase leading down here.
You barely miss Eustachio. Your headbutt misses Eustachio.
Eustachio casts a spell.
Eustachio blinks!
Eustachio hits you with a +0 rapier.
You barely miss Eustachio. Your headbutt misses Eustachio.
Eustachio hits you with a +0 rapier.
You hit Eustachio.
Eustachio is lightly wounded.
Eustachio barely misses you.
You hit Eustachio. Your headbutt misses Eustachio. Your punch misses Eustachio.
Eustachio is moderately wounded.
Eustachio mumbles some strange words.
You closely miss Eustachio.
Eustachio is moderately wounded.
Eustachio asks, "How can you live without manners, virtues and honour?"
Eustachio hits you with a +0 rapier.
You closely miss Eustachio.
Eustachio is lightly wounded.
You punch Eustachio! Your headbutt misses Eustachio.
Eustachio is heavily wounded.
Eustachio casts a spell.
The river rat barely misses you.
You feel attractive to monsters. Eustachio barely misses you.
The river rat barely misses you. x2
You punch Eustachio!
Eustachio is severely wounded.
Eustachio hits you with a +0 rapier. The river rat bites you!
* * * LOW HITPOINT WARNING * * *
It was a potion of haste.
You feel yourself speed up. The river rat closely misses you.
Eustachio barely misses you. The river rat barely misses you.
You closely miss Eustachio.
Eustachio is severely wounded.
The river rat barely misses you.
Eustachio says, "Summoning is fun!"
Eustachio hits you with a +0 rapier.
* * * LOW HITPOINT WARNING * * *
The river rat bites you!
You die...

.............#
##..........
##..#...####.#
#####..####...##
#..#.### #)# #...#.##
##### #....#
#.#####.....#
##..#.######.#........##
....#.†...##......#..##
#########.####.#....##
#.# #<#.r..#
#.####.#h.#.#
######.......@r..#
#................#
######.#######.### #.#
#.# #####.# #.# ########
#.....# #.# ###......##
####### #.# ##..........
#.# #...........


You could see Eustachio and 2 river rats.

Vanquished Creatures
  An orc priest (D:2)
  Natasha (thrice) (D:2)
  5 adders
  A shadow imp (D:4)
  A ribbon worm (D:2)
  3 orcs
  5 bats
  8 endoplasms
  3 giant cockroaches
  5 goblins
  4 hobgoblins (D:1)
  6 kobolds
  4 quokkas
  5 ball pythons
  A frilled lizard (D:2)
  5 rats
60 creatures vanquished.

Notes
Turn   | Place    | Note
-------+----------+-------------------------------------------
     0 | D:1      | Kenran the Oni Shapeshifter began the quest for the Orb.
     0 | D:1      | Reached XP level 1. HP: 19/19 MP: 1/1
   139 | D:1      | Reached skill level 3 in Unarmed Combat
   146 | D:1      | Reached XP level 2. HP: 14/27 MP: 2/2
   546 | D:1      | Reached XP level 3. HP: 11/33 MP: 3/3
   823 | D:2      | Reached skill level 4 in Unarmed Combat
   823 | D:2      | Reached XP level 4. HP: 7/41 MP: 4/4
   824 | D:2      | HP: 2/41 [orc/+0 flail (6)]
  1283 | D:2      | Noticed Natasha
  1291 | D:2      | Killed Natasha
  1294 | D:2      | Reached skill level 5 in Unarmed Combat
  1294 | D:2      | Reached XP level 5. HP: 29/48 MP: 5/5
  1369 | D:2      | Noticed Natasha
  1377 | D:2      | Killed Natasha
  1649 | D:2      | Noticed Natasha
  1658 | D:2      | Killed Natasha
  1965 | D:3      | Found Eniwyu's General Store.
  2122 | D:3      | Found a transporter.
  2124 | D:3      | Noticed mojasp's ghost (amateur DEHu)
  2134 | D:3      | Found a transporter.
  2183 | D:3      | Bought a scroll of identify for 28 gold pieces
  2235 | D:3      | Found a runed translucent door.
  2236 | D:3      | Noticed Crazy Yiuf
  2606 | D:4      | Noticed Eustachio
  2682 | D:3      | Slain by a river rat

Illustrated notes

Levels and vault maps discovered:
D:1:      dpeg_arrival_snail, layout_basic, patterned_corridor
D:2:      cheibrodos_pilgrimage, layout_basic, kennysheep_generic_room_7,
          uniq_natasha
D:3:      layout_basic, serial_shops, nicolae_shop_window_shopping,
          gammafunk_ghost_arena, uniq_crazy_yiuf_cottage
D:4:      layout_loops_ring, hex_large, lemuel_flame_loot_1, uniq_eustachio,
          uniq_ijyb

Skill      XL: |  1  2  3  4 |
---------------+-------------+-----
Unarmed Combat | 3 4 5 |  5.7
Fighting       | |  1.3
Dodging        | |  1.7
Shapeshifting  | |  3.1

Action                     |  1- 3 |  4- 6 || total
---------------------------+-------+-------++-------
  Melee: Unarmed           |    75 |   113 ||   188
         Headbutt          |    12 |    14 ||    26
         Punch             |     1 |     4 ||     5
    Use: Potion            |     1 |     2 ||     3
         Scroll            |     1 |     5 ||     6
   Stab: Sleeping          |       |     1 ||     1
 Armour: Animal skin       |    42 |    96 ||   138
         Skin              |     4 |       ||     4
  Dodge: Dodged            |    42 |    83 ||   125
